 Dungeon Crawl Stone Soup version 0.19-a0-1170-g18f0c96 (webtiles) character file.

93 Aquadorian the Chiller (level 4, -4/30 HPs)
             Began as a Merfolk Ice Elementalist on Aug 17, 2016.
             Slain by Grinder (6 damage)
             ... on level 3 of the Dungeon.
             The game lasted 00:17:03 (2207 turns).

Aquadorian the Chiller (Merfolk Ice Elementalist)   Turns: 2207, Time: 00:17:04

Health: -4/30      AC:  3    Str:  9    XL:     4   Next: 61%
Magic:  15/18      EV: 13    Int: 14    God:
Gold:   83         SH:  0    Dex: 14    Spells: 3 memorised, 3 levels left

rFire  . . .     SeeInvis .     d - +0 short sword
rCold  . . .     Gourm    .     a - +0 robe
rNeg   . . .     Faith    .     (no shield)
rPois  .         Spirit   .     i - +0 helmet
rElec  .         Dismiss  .     (no cloak)
rCorr  .         Reflect  .     (no gloves)
MR     .....     Harm     .     (no boots)
Stlth  ++........               (no amulet)
                                (no ring)
                                m - ring of magical power

@: no status effects
A: change form in water, swift swim
a: no special abilities


You were on level 3 of the Dungeon.
You were not hungry.

You visited 1 branch of the dungeon, and saw 3 of its levels.

You collected 83 gold pieces.

Inventory:

Hand Weapons
 d - a +0 short sword (weapon)
Armour
 a - a +0 robe (worn)
 i - a +0 helmet (worn)
Jewellery
 m - a ring of magical power (left hand)
Scrolls
 h - a scroll of identify
 k - 2 scrolls of recharging {unknown}
Potions
 e - 3 potions of might
 f - a potion of invisibility {unknown}
 g - a potion of curing {unknown}
 j - 3 potions of brilliance
 l - a potion of degeneration {unknown}
 o - a potion of heal wounds {unknown}
Books
 b - a book of Frost

   Spells                             Type                      Level
   a - Freeze                         Ice                          1
   b - Throw Frost                    Conjuration/Ice              2
   c - Ozocubu's Armour               Charms/Ice                   3
   d - Throw Icicle                   Conjuration/Ice              4
   e - Summon Ice Beast               Ice/Summoning                4
Comestibles
 c - 2 bread rations
 n - 5 chunks of flesh
 p - 2 meat rations


   Skills:
 - Level 0.2 Fighting
 - Level 0.2 Short Blades
 - Level 0.1 Armour
 - Level 2.6 Dodging
 - Level 2.1 Stealth
 + Level 3.4 Spellcasting
 - Level 0.7 Conjurations
 - Level 4.4 Ice Magic


You had 3 spell levels left.
You knew the following spells:

 Your Spells              Type           Power        Failure   Level  Hunger
a - Freeze                Ice            ##..         3%          1    #......
b - Ozocubu's Armour      Chrm/Ice       #.......     24%         3    ###....
c - Throw Frost           Conj/Ice       #.....       14%         2    ##.....


Dungeon Overview and Level Annotations

Branches:
Dungeon (3/15)

Altars:
Ashenzari

Annotations:
D:3 Grinder


Message History

You can move again.
Casting: Freeze
Confirm with . or Enter, or press ? or * to list all spells.
Aiming: Freeze
Press: ? - help, Shift-Dir - straight line, f/p - Grinder
Aim: Grinder (lightly wounded)
You freeze Grinder.
Grinder resists.
Grinder is lightly wounded.
Grinder gestures at you. Pain shoots through your body!
* * * LOW HITPOINT WARNING * * *
Casting: Freeze
Confirm with . or Enter, or press ? or * to list all spells.
Aiming: Freeze
Press: ? - help, Shift-Dir - straight line, f/p - Grinder
Aim: Grinder (lightly wounded)
You freeze Grinder.
Grinder resists.
Grinder is lightly wounded.
Grinder hits you.
You die...

####.##...........###
.....................
####....#########.###
#.......# #..........
.#####....###.#####....
..................#....
#####..#######.#.#....
#......... #.#.#
#@#######. #.#.#
#.5....# ..#.# ...###.#
####.# #.... .......
#...## #####.# #....
..# #)... #.# ##.#.#
... ###


You could see Grinder.

Vanquished Creatures
  3 adders
  2 oozes (D:1)
  2 dart slugs (D:1)
  A giant gecko (D:1)
  9 bats
  3 giant cockroaches
  8 goblins
  2 hobgoblins
  2 jackals (D:1)
  2 ball pythons
  5 giant newts
  6 kobolds
  9 rats
54 creatures vanquished.

Notes
Turn   | Place    | Note
-------+----------+-------------------------------------------
     0 | D:1      | Aquadorian the Merfolk Ice Elementalist began the quest for the Orb.
     0 | D:1      | Reached XP level 1. HP: 13/13 MP: 3/3
   105 | D:1      | Reached XP level 2. HP: 14/19 MP: 3/5
   265 | D:1      | Reached skill level 4 in Ice Magic
   579 | D:1      | Reached XP level 3. HP: 22/24 MP: 6/6
   723 | D:1      | Learned a level 3 spell: Ozocubu's Armour
  1264 | D:2      | Found a shattered altar of Ashenzari.
  1619 | D:2      | Reached XP level 4. HP: 29/30 MP: 8/8
  1626 | D:2      | Learned a level 2 spell: Throw Frost
  2200 | D:3      | Noticed Grinder
  2203 | D:3      | Paralysed by Grinder for 3 turns
  2206 | D:3      | HP: 1/30 [Grinder/nerve-wracking pain (2)]
  2207 | D:3      | Slain by Grinder

Vault maps used:
D:1:      erik_arrival_gehennom, serial_park_tiny_2
D:2:      evilmike_ruin_ashenzari, first_bread
D:3:      grunt_temple_overflow_opulence, lemuel_round_altar,
          minmay_misc_feat_doors, minivault_23, minmay_rat_hole, uniq_grinder

Skill      XL: |  1  2  3  4 |
---------------+-------------+-----
Ice Magic      | 4 |  4.4
Spellcasting   | 3 |  3.4
Fighting       | |  0.2
Short Blades   | |  0.2
Armour         | |  0.1
Dodging        | |  2.6
Stealth        | |  2.1
Conjurations   | |  0.7

Action                   |  1- 3 |  4- 6 || total
-------------------------+-------+-------++-------
Melee: Short sword       |   145 |    25 ||   170
 Cast: Freeze            |     8 |     9 ||    17
  Use: Scroll            |     3 |       ||     3
 Stab: Sleeping          |     4 |     2 ||     6
  Eat: Chunk             |     3 |     1 ||     4
Armor: Robe              |    11 |     5 ||    16
       Ring mail         |    50 |       ||    50
Dodge: Dodged            |   117 |    21 ||   138
